Map: Voracity

Players

SpearOfAdun - Winner!

  • Race: Terran Terran
  • League: Grandmaster
  • Spawn Location: 1:00

ricko - Winner!

  • Race: Terran Terran
  • League: Platinum
  • Spawn Location: 1:00

fris - Winner!

  • Race: Protoss Protoss
  • League: Gold
  • Spawn Location: 1:00

Archonia

  • Race: Zerg Zerg
  • Spawn Location: 7:00

chinahuy

  • Race: Protoss Protoss
  • Spawn Location: 7:00

ArthurDent

  • Race: Terran Terran
  • Spawn Location: 7:00

VOD

Have the link to the VOD?

Description

Time

  • Played on: Aug. 13, 2026, 1:14 p.m.
  • Length: 6:13
Show
View Real Time Build Order
Export as new Build Order

SpearOfAdun Terran - Winner!

Build Orders:  

Get SALT Encoding   

  8  0:00  SCV  
  9  0:12  SCV  
  10  0:24  SCV  
  11  0:31  Supply Depot  
  11  0:36  SCV  
  12  0:49  SCV  
  13  0:57  Barracks  
  13  1:01  Refinery  
  13  1:06  SCV  
  15  1:18  SCV  
  15  1:32  SCV  
  16  1:33  Barracks  
  16  1:44  Reaper  
  17  1:51  Orbital Command  
  17  2:06  Barracks  
  17  2:12  Refinery  
  17  2:20  SCV  
  17  2:22  Reaper  
  19  2:27  Reaper  
  20  2:35  Supply Depot  
  20  2:40  SCV  
  21  2:56  Reaper  
  22  3:01  Reaper  
  22  3:02  Reaper  
  22  3:03  SCV  
  22  3:05  Supply Depot  
  24  3:15  SCV  
  25  3:30  Reaper  
  26  3:36  Reaper  
  26  3:38  SCV  
  28  3:50  Reaper  
  29  3:59  SCV  
  29  4:00  Command Center  
  30  4:04  Reaper  
  31  4:15  Reaper  
  32  4:24  Reaper  
  29  4:38  Reaper  
  29  4:43  SCV  
  30  4:49  Reaper  
  30  4:52  Supply Depot  
  31  4:55  SCV  
  31  4:58  Reaper  
  33  5:07  SCV  
  33  5:12  Reaper  
  35  5:20  SCV  
  34  5:21  Orbital Command  
  34  5:23  Reaper  
  35  5:32  Reaper  
  36  5:47  SCV  
Show
View Real Time Build Order
Export as new Build Order

ricko Terran - Winner!

Build Orders:  

Get SALT Encoding   

  8  0:04  SCV  
  9  0:16  SCV  
  10  0:29  Supply Depot  
  10  0:30  SCV  
  11  0:47  SCV  
  12  0:53  Barracks  
  12  0:59  SCV  
  13  1:05  Refinery  
  13  1:11  SCV  
  14  1:24  SCV  
  15  1:33  Barracks  
  15  1:47  Reaper  
  15  1:52  Orbital Command  
  16  2:11  Barracks  
  16  2:17  Refinery  
  16  2:22  SCV  
  17  2:26  Reaper  
  18  2:30  Reaper  
  18  2:35  SCV  
  20  2:42  Supply Depot  
  20  2:49  SCV  
  21  3:13  SCV  
  21  3:14  Reaper x3  
  25  3:26  SCV  
  26  3:38  SCV  
  27  3:48  Reaper x2  
  29  4:00  Supply Depot  
  29  4:13  Reaper  
  29  4:18  Command Center  
  29  4:22  Reaper x2  
  31  4:46  SCV  
  31  4:47  Reaper  
  31  4:48  Supply Depot  
  33  4:56  Reaper x2  
  34  5:01  Factory  
  33  5:10  Command Center  
  33  5:21  Reaper  
  34  5:30  Reaper x2  
  36  5:42  SCV x2  
  38  5:54  SCV  
  38  5:55  SCV  
Show
View Real Time Build Order
Export as new Build Order

fris Protoss - Winner!

Build Orders:  

Get SALT Encoding   

  8  0:00  Probe  
  9  0:18  Probe  
  10  0:30  Probe  
  11  0:38  Pylon  
  11  0:42  Probe  
  12  0:54  Probe  
  13  1:00  Gateway  
  13  1:05  Assimilator  
  13  1:10  Probe  
  14  1:23  Probe  
  15  1:30  Gateway  
  15  1:36  Probe  
  16  1:41  Pylon  
  16  1:50  Zealot  
  19  2:12  Cybernetics Core  
  18  2:17  Zealot  
  18  2:21  Probe  
  21  2:25  Zealot  
  23  2:34  Probe  
  24  2:38  Pylon  
  24  2:49  Warp Gate (Chrono Boost)  
  24  2:50  Stalker  
  26  3:01  Stalker  
  28  3:20  Stalker  
  30  3:30  Stalker  
  30  3:47  Pylon, Stalker  
  30  4:22  Stalker x2  
  32  4:30  Probe  
  33  4:35  Nexus  
  33  4:38  Stalker  
  35  4:46  Stalker  
  35  5:18  Stalker  
  33  5:33  Stalker  
  35  5:45  Stalker  
  37  5:58  Stalker  
Show
View Real Time Build Order
Export as new Build Order

Archonia Zerg 

Build Orders: Hatch First 

Get SALT Encoding   

  8  0:00  Drone  
  9  0:16  Overlord  
  9  0:22  Drone  
  10  0:29  Drone  
  10  0:35  Drone  
  12  0:45  Drone  
  13  0:57  Drone x2  
  15  1:27  Hatchery  
  15  1:28  Drone x2  
  16  1:33  Extractor  
  15  1:44  Spawning Pool  
  14  1:50  Drone  
  15  2:04  Drone x3  
  18  2:17  Overlord  
  18  2:31  Queen  
  18  2:37  Zergling x4  
  22  2:42  Zergling x2  
  23  2:46  Metabolic Boost  
  23  2:57  Zergling x4  
  23  2:58  Zergling x2  
  26  3:11  Zergling x6  
  26  3:15  Zergling x2  
  26  3:35  Overlord, Zergling x6  
  26  3:41  Overlord  
  23  3:50  Zergling x8  
  26  3:56  Spine Crawler  
  23  4:10  Zergling x8  
  23  4:13  Zergling x2  
  25  4:20  Zergling x2  
  23  4:33  Zergling x8  
  24  4:41  Zergling x4  
  25  4:47  Overlord  
  21  5:02  Zergling x4  
  21  5:03  Zergling x2  
  23  5:08  Zergling x4  
  23  5:13  Zergling x2  
  23  5:14  Zergling x4  
  26  5:26  Overlord  
  25  5:37  Overlord x2  
  25  5:38  Zergling x2  
  24  5:44  Overlord  
  23  5:54  Zergling x6  
Show
View Real Time Build Order
Export as new Build Order

chinahuy Protoss 

Build Orders:  

Get SALT Encoding   

  8  0:00  Probe  
  9  0:18  Pylon  
  9  0:22  Probe (Chrono Boost)  
  10  0:32  Probe (Chrono Boost)  
  11  0:37  Probe (Chrono Boost)  
  12  0:48  Probe  
  13  0:58  Gateway  
  13  1:07  Probe (Chrono Boost)  
  14  1:17  Probe (Chrono Boost)  
  15  1:19  Assimilator  
  15  1:22  Probe (Chrono Boost)  
  16  1:33  Probe  
  16  1:39  Assimilator  
  17  1:45  Probe, Cybernetics Core  
  18  1:57  Probe  
  19  2:09  Pylon, Probe  
  20  2:22  Probe, Warp Gate (Chrono Boost)  
  21  2:27  Stalker  
  23  2:34  Probe  
  24  2:40  Gateway  
  24  2:51  Pylon  
  24  2:54  Stalker  
  26  3:07  Gateway  
  26  3:25  Stalker  
  26  3:56  Stalker  
  26  4:04  Stalker x2  
  28  4:22  Stalker  
  30  4:28  Stalker  
  30  4:29  Stalker  
  28  4:46  Stalker  
  28  4:52  Stalker x2  
  34  5:19  Stalker x2  
  34  5:20  Stalker  
  28  5:34  Gateway  
  28  5:36  Gateway  
  28  5:45  Stalker x2  
  28  5:46  Stalker  
Show
View Real Time Build Order
Export as new Build Order

ArthurDent Terran 

Build Orders: 2 Factory 

Get SALT Encoding   

  8  0:01  SCV  
  9  0:13  SCV  
  10  0:29  SCV  
  10  0:31  Supply Depot  
  11  0:41  SCV  
  12  0:54  Barracks  
  12  0:56  SCV  
  13  1:04  Refinery  
  13  1:09  SCV  
  14  1:21  SCV  
  15  1:33  SCV  
  16  1:45  SCV  
  17  1:47  Barracks Reactor  
  17  2:06  Command Center  
  17  2:07  SCV  
  18  2:13  Refinery  
  18  2:25  Factory  
  18  2:27  SCV  
  19  2:33  Marine x2  
  20  2:52  Marine  
  17  3:10  Factory  
  17  3:11  Orbital Command  
  17  3:15  Barracks Reactor  
  16  3:43  Barracks Reactor  
  14  3:57  Hellion  
  15  4:18  Hellion  
  15  4:31  Marine x2  
  16  4:49  Marine x2  
  18  4:55  Factory Tech Lab  
  15  5:07  Marine  
  14  5:14  Siege Tank  
  14  5:15  SCV  
  14  5:17  Marine  
  16  5:27  SCV  
Tags
 
Add a new tag
Caveats
  • Supply blocks, unpowered buildings, or Contaminate may cause inaccurate times.
  • Supply counts are checked every 10 seconds.